 Dungeon Crawl Stone Soup version 0.18-a0-674-g00855b9 (webtiles) character file.

296 Raultor the Chopper (level 6, 0/52 HPs)
             Began as a Hill Orc Gladiator on Dec 6, 2015.
             Slain by Blork the orc
             ... wielding a +1 trident of piercing
              (1 damage)
             ... on level 4 of the Dungeon.
             The game lasted 00:07:40 (2422 turns).

Raultor the Chopper (Hill Orc Gladiator)            Turns: 2422, Time: 00:07:40

Health: 0/52       AC:  7    Str: 20      XL:     6   Next: 35%
Magic:  6/6        EV: 11    Int:  8      God:
Gold:   197        SH:  0    Dex:  9 (11) Spells: 0 memorised, 5 levels left

rFire  . . .     SeeInvis .     a - +0 war axe
rCold  + . .     Clarity  .     x - +1 ring mail {rC+}
rNeg   . . .     SustAt   .     (no shield)
rPois  .         Gourm    .     c - +0 helmet
rElec  .         Spirit   .     (no cloak)
rCorr  .         Dismiss  .     (no gloves)
rMut   .         Stasis   .     (no boots)
MR     .....                    (no amulet)
Stlth  +.........               (no ring)
                                v - ring of stealth {Stlth+}

@: not resistant to hostile enchantments, very unstealthy
A: no striking features
a: no special abilities


You were on level 4 of the Dungeon.
You were not hungry.

You visited 1 branch of the dungeon, and saw 4 of its levels.

You collected 197 gold pieces.

Inventory:

Hand Weapons
 a - a +0 war axe (weapon)
Missiles
 d - 3 throwing nets {=f, !d}
Armour
 b - a +0 leather armour
 c - a +0 helmet (worn)
 o - a +0 scale mail
   (You found it on level 2 of the Dungeon)
 w - the +2 robe of Exclusion {-Cast rF+ rC+++ Str+3}
   (You found it on level 4 of the Dungeon)

   It affects your strength (+3).
   It protects you from fire.
   It renders you almost immune to cold.
   It prevents spellcasting.
 x - a +1 ring mail of cold resistance (worn)
   (You found it on level 4 of the Dungeon)
Jewellery
 q - an uncursed amulet of stasis {Stasis, !d}
   (You found it on level 2 of the Dungeon)
 v - a ring of stealth (left hand) {Stlth+}
   (You found it on level 4 of the Dungeon)
Scrolls
 h - 4 scrolls of identify {unknown}
 j - 2 scrolls of random uselessness {unknown}
 l - 4 scrolls of teleportation {unknown}
 m - 2 scrolls of recharging {unknown}
 n - 2 scrolls of fog {unknown}
 r - a scroll of remove curse {unknown}
 s - a scroll of blinking {unknown}
Comestibles
 e - 3 bread rations {@e1}
 g - 5 meat rations {@e2}
 p - 10 chunks of flesh {@w0}
 t - a beef jerky


   Skills:
 + Level 4.2 Fighting
 * Level 6.9 Axes
 - Level 1.7 Throwing
 + Level 3.4 Armour
 - Level 2.4 Dodging


You had 5 spell levels left.
You didn't know any spells.

Dungeon Overview and Level Annotations

Branches:
Dungeon (4/15)
 Temple: D:4-7

Altars:
Dithmenos
Trog

Annotations:
D:4 Blork the orc


Message History

You hit the iguana but do no damage. The iguana barely misses you.
You hit the iguana. The iguana bites you. The iguana barely misses you.
You take 1 damage, and have 35/52 hp.
You hit the iguana.
You kill the iguana!
Blork the orc points at you and mumbles some strange words.
The puff of frost hits you! You resist.
You see here a giant club.
You take 4 damage, and have 32/52 hp.
Blork the orc mumbles some strange words.
Blork the orc seems to speed up.
Drink which item? (? for menu, Esc to quit)
It was a potion of curing.
You feel better.
Blork the orc points at you and mumbles some strange words.
The magic dart hits you!
You regained 8 hp, and now have 40/52 hp.
Blork the orc points at you and mumbles some strange words.
The magic dart hits you!
You take 1 damage, and have 41/52 hp.
Blork the orc screams, "I'll drink your blood!
Soon!"
Blork the orc casts a spell at you. The puff of frost hits you! You resist.
You take 2 damage, and have 40/52 hp.
Blork the orc hits you but does no damage.
Drink which item? (? for menu, Esc to quit)
It was a potion of degeneration.
There was something very wrong with that liquid.
You feel clumsy. Blork the orc closely misses you.
Level annotation: Blork the orc Welcome back, Raultor the Hill Orc Gladiator.
Drink which item? (? for menu, Esc to quit)
It was a potion of haste.
This potion cannot work under stasis.
Drink which item? (? for menu, Esc to quit)
Okay, then.
Put on which piece of jewellery? (? for menu, Esc to quit)
You remove your amulet of stasis {Stasis, !d}.
Blork the orc screams, "I'll break your legs!"
Blork the orc gestures at you while chanting.
The puff of frost hits you! You resist.
You take 2 damage, and have 38/52 hp.
Drink which item? (? for menu, Esc to quit)
Okay, then.
Drink which item? (? for menu, Esc to quit)
You feel yourself speed up.
Blork the orc hits you from afar with a trident of piercing.
You are very lightly contaminated with residual magic.
You take 2 damage, and have 36/52 hp.
Blork the orc hits you but does no damage.
You hit Blork the orc.
Blork the orc hits you with a trident of piercing.
You take 3 damage, and have 33/52 hp.
You completely miss Blork the orc.
Blork the orc hits you with a trident of piercing!
You take 8 damage, and have 25/52 hp.
You hit Blork the orc but do no damage.
Blork the orc miscasts a cantrip.
You hit Blork the orc.
Blork the orc points at you and mumbles some strange words.
The magic dart hits you!
You take 6 damage, and have 19/52 hp.
You closely miss Blork the orc.
Blork the orc looks braver for a moment.
You hit Blork the orc.
Blork the orc hits you with a trident of piercing.
You take 2 damage, and have 17/52 hp.
You hit Blork the orc but do no damage.
Blork the orc hits you with a trident of piercing.
* * * LOW HITPOINT WARNING * * *
Blork the orc gestures at you while chanting.
The magic dart hits you!
* * * LOW HITPOINT WARNING * * *
You take 6 damage, and have 11/52 hp.
You barely miss Blork the orc.
Blork the orc gestures at you while chanting.
The puff of frost hits you! You resist.
* * * LOW HITPOINT WARNING * * *
You take 3 damage, and have 8/52 hp.
You barely miss Blork the orc.
Blork the orc hits you with a trident of piercing.
* * * LOW HITPOINT WARNING * * *
x2 You take 7 damage, and have 1/52 hp.
Drink which item? (? for menu, Esc to quit)
It was a potion of cancellation.
Your magical effects are unravelling.
Your magical contamination has completely faded away.
You feel magically purged.
You feel yourself slow down. Blork the orc closely misses you.
Drink which item? (? for menu, Esc to quit)
You feel better.
Blork the orc looks angry.
Blork the orc hits you with a trident of piercing.
* * * LOW HITPOINT WARNING * * *
x2 You regained 5 hp, and now have 6/52 hp.
You hit Blork the orc. Blork the orc completely misses you.
Blork the orc screams, "I'll cover the dungeon with your blood!"
Blork the orc hits you with a trident of piercing.
* * * LOW HITPOINT WARNING * * *
You die...

...## #.####.# #.# #..... ...#
#......###.#### #...#.## .###
###...........# ##...#..#
.########.###.#..##.# #....##.##
.##...........#..##.# ##....##.##
.##........)..#..##.###..........
.##...........#..#...............
.##..........(...o...............
.##..........###@#...............
.##..........##..########...###..
###........>.##.## #........
#############.# #...####. #.#
#...# ## ########## #.# #...# #
#........# #.# .. .# # #.#.##.#.#
#.# ###. # #.#.##.#<######.#
.....#### #


You could see Blork the orc.

Vanquished Creatures
  An ogre (D:4)
  An iguana (D:4)
  An orc wizard (D:3)
  2 worker ants (D:4)
  2 adders (D:3)
  4 worms
  A giant gecko (D:1)
  6 orcs
  5 ball pythons
  7 bats
  5 giant cockroaches
  6 hobgoblins
  5 jackals
  8 kobolds
  4 giant newts
  3 goblins
  8 rats
69 creatures vanquished.

Notes
Turn   | Place    | Note
--------------------------------------------------------------
     0 | D:1      | Raultor the Hill Orc Gladiator began the quest for the Orb.
     0 | D:1      | Reached XP level 1. HP: 18/18 MP: 1/1
   147 | D:1      | Reached XP level 2. HP: 23/25 MP: 2/2
   150 | D:1      | Reached skill level 1 in Armour
   608 | D:1      | Reached XP level 3. HP: 30/30 MP: 3/3
   885 | D:2      | Reached skill level 3 in Fighting
  1181 | D:3      | Reached skill level 5 in Axes
  1248 | D:3      | Found a bloodstained altar of Trog.
  1334 | D:3      | Reached XP level 4. HP: 35/38 MP: 4/4
  1430 | D:3      | Found a shadowy altar of Dithmenos.
  1461 | D:3      | Reached skill level 2 in Armour
  1549 | D:3      | Reached XP level 5. HP: 28/45 MP: 5/5
  2096 | D:4      | Reached skill level 6 in Axes
  2106 | D:4      | Got a thick robe
  2117 | D:4      | Identified the +2 robe of Exclusion {-Cast rF+ rC+++ Str+3} (You found it on level 4 of the Dungeon)
  2340 | D:4      | Noticed an ogre
  2352 | D:4      | Killed an ogre
  2352 | D:4      | Reached skill level 4 in Fighting
  2352 | D:4      | Reached skill level 3 in Armour
  2352 | D:4      | Reached XP level 6. HP: 46/52 MP: 6/6
  2365 | D:4      | Noticed Blork the orc
  2417 | D:4      | HP: 11/52 [Blork the orc/magic dart (4)]
  2419 | D:4      | HP: 3/52 [Blork the orc/trident of piercing (5)]
  2419 | D:4      | HP: 1/52 [Blork the orc/trident of piercing (2)]
  2422 | D:4      | Slain by Blork the orc

Vault maps used:
D:1:      dpeg_arrival_more_subterranean_lakeside_camping,
          minmay_shallow_snake_nest
D:3:      nicolae_overflow_crystal_walls, trog_three_pillars_becter
D:4:      yredelemnul_forgotten_temple_becter, first_bread, bloody_makhleb,
          uniq_duvessa, uniq_blork_the_orc

Action                   |  1- 3 |  4- 6 || total
-------------------------+-------+-------++-------
Melee: War axe           |   132 |    78 ||   210
  Use: Potion            |       |     5 ||     5
  Eat: Chunk             |     2 |     3 ||     5

Vault maps used:
D:1:      dpeg_arrival_more_subterranean_lakeside_camping,
          minmay_shallow_snake_nest
D:3:      nicolae_overflow_crystal_walls, trog_three_pillars_becter
D:4:      yredelemnul_forgotten_temple_becter, first_bread, bloody_makhleb,
          uniq_duvessa, uniq_blork_the_orc

Table legend:
 A = Turns spent in this place as a percentage of turns spent in the entire game.
 B = Non-inter-level travel turns spent in this place as a percentage of non-inter-level travel turns spent in the entire game.
 C = Inter-level travel turns spent in this place as a percentage of turns spent in this place.
 D = Turns resting spent in this place as a percentage of non-inter-level travel turns spent in this place.
 E = Turns spent auto-exploring this place as a percentage of non-inter-level travel turns spent in this place.
 F = Non-inter-level travel turns spent in this place divided by the number of levels of this place that you've seen.
                   A       B       C       D       E      F
               +-------+-------+-------+-------+-------+----------------------
         Total | 100.0 | 100.0 |   0.5 |   1.0 |  14.6 | 154.2
       Dungeon | 100.0 | 100.0 |   0.5 |   1.0 |  14.6 | 154.2
               +-------+-------+-------+-------+-------+----------------------

Table legend:
 A = Kills in this place as a percentage of kills in entire the game.
 B = Kills by you in this place as a percentage of kills by you in the entire game.
 C = Kills by friends in this place as a percentage of kills by friends in the entire game.
 D = Other kills in this place as a percentage of other kills in the entire game.
 E = Experience gained in this place as a percentage of experience gained in the entire game.
 F = Experience gained in this place divided by the number of levels of this place that you have seen.
                   A       B       C       D       E      F
               +-------+-------+-------+-------+-------+----------------------
         Total | 100.0 | 100.0 |  -nan |  -nan | 100.0 | 106.0
       Dungeon | 100.0 | 100.0 |  -nan |  -nan | 100.0 | 106.0
               +-------+-------+-------+-------+-------+----------------------
